 Dungeon Crawl Stone Soup version 0.25-a0-614-g73ad250637 (webtiles) character file.

Game seed: 12595931009573893866, levelgen mode: deterministic

441 ipx the Skirmisher (level 6, -1/48 HPs)
             Began as a Demonspawn Wanderer on Mar 17, 2020.
             Was an Initiate of Makhleb.
             Slain by an ice beast (14 damage)
             ... on level 6 of the Dungeon.
             The game lasted 00:21:18 (2108 turns).

ipx the Skirmisher (Demonspawn Wanderer)            Turns: 2108, Time: 00:21:18

Health: -1/48      AC:  5    Str: 13    XL:     6   Next: 70%
Magic:  6/6        EV:  7    Int: 15    God:    Makhleb [......]
Gold:   72         SH: 12    Dex: 14    Spells: 5/5 levels left

rFire    . . .     SeeInvis .     - Unarmed
rCold    . . .     Gourm    .   k - +0 kite shield
rNeg     . . .     Faith    .   c - +0 ring mail
rPois    .         Spirit   .   (no helmet)
rElec    .         Reflect  +   (no cloak)
rCorr    .         Harm     .   (no gloves)
MR       .....                  (no boots)
Stlth    ++........             o - +4 amulet of reflection
HPRegen  0.16/turn              (no ring)
MPRegen  0.10/turn              (no ring)

@: hasted, very quick
A: claws 1, thin skeletal structure 1, nightstalker 1
a: Renounce Religion


You were on level 6 of the Dungeon.
You worshipped Makhleb.
Makhleb was noncommittal.
You were not hungry.

You visited 2 branches of the dungeon, and saw 7 of its levels.

You collected 72 gold pieces.

Inventory:

Hand Weapons
 a - a +2 dagger
 d - a +0 falchion
Missiles
 b - 15 poisoned darts
 j - 2 atropa-tipped darts (quivered)
Armour
 c - a +0 ring mail (worn)
 e - a +0 chain mail
 k - a +0 kite shield (worn)
Jewellery
 o - a +4 amulet of reflection (around neck)
Scrolls
 l - a scroll of enchant weapon
Comestibles
 f - 2 rations


   Skills:
 - Level 4.3 Fighting
 - Level 1.7 Long Blades
   Level 3.6 Crossbows
 - Level 1.0 Throwing
 - Level 1.0 Armour
 + Level 2.2 Shields
 + Level 4.1 Unarmed Combat
   Level 1.0 Evocations


You had 5 spell levels left.
You didn't know any spells.
Your spell library was empty.

Dungeon Overview and Level Annotations

Branches:
Dungeon (6/15)             Temple (1/1) D:5

Altars:
Ashenzari
Elyvilon
Hepliaklqana
Makhleb
Nemelex Xobeh
Vehumet
Wu Jian
Zin
The Shining One

Annotations:
D:6 Blork the orc


Innate Abilities, Weirdness & Mutations

You have sharp fingernails.
You have a somewhat thin skeletal structure. (Dex +2, Stealth)
You are slightly more attuned to the shadows.


Message History

The ice beast is moderately wounded.
You block the ice beast's attack.
You closely miss the ice beast.
The ice beast is moderately wounded.
The ice beast hits you. The ice beast freezes you.
* * * LOW HITPOINT WARNING * * *
You scratch the ice beast but do no damage.
The ice beast is moderately wounded.
You claw the ice beast!
The ice beast is severely wounded.
The ice beast hits you but does no damage.
You barely miss the ice beast.
The ice beast is severely wounded.
Blork the orc gestures wildly while chanting.
Blork the orc flickers and vanishes!
Deactivating autopickup; reactivate with Ctrl-A.
The ice beast hits you.
* * * LOW HITPOINT WARNING * * *
The ice beast freezes you!
You die...

##################
#{Y@..........(..#
#'#############[##
#.o.....?# #.#
#........# #.#
#........# #.#
#........# #.#
#........# #)#
########## #<# ###


You could see an ice beast.

Vanquished Creatures
  A bullfrog (D:4)
  A scorpion (D:4)
  A howler monkey (D:3)
  A bullfrog skeleton (D:4)
  An orc wizard (D:6)
  A centaur skeleton (D:5)
  2 worker ants
  A hound skeleton (D:5)
  A howler monkey skeleton (D:5)
  4 adders
  A shadow imp (D:5)
  2 oozes
  An adder skeleton (D:5)
  2 worms (D:3)
  2 dart slugs
  3 leopard geckos
  5 orcs
  8 bats
  6 giant cockroaches
  3 goblins
  5 hobgoblins
  6 jackals
  6 kobolds
  A quokka (D:3)
  5 frilled lizards
  4 rats
74 creatures vanquished.

Notes
Turn   | Place    | Note
-------+----------+-------------------------------------------
     0 | D:1      | ipx the Demonspawn Wanderer began the quest for the Orb.
     0 | D:1      | ipx set off with the following items: a +2 dagger, a
                  | curare-tipped dart, a +0 ring mail, a +0 falchion, a ration
     0 | D:1      | Reached XP level 1. HP: 15/15 MP: 1/1
    49 | D:1      | Found a sparkling altar of Nemelex Xobeh.
    91 | D:1      | Gained mutation: You have sharp fingernails. [demonic
                  | ancestry]
    91 | D:1      | Reached XP level 2. HP: 22/22 MP: 2/2
   258 | D:1      | Reached skill level 1 in Unarmed Combat
   260 | D:1      | Reached XP level 3. HP: 13/28 MP: 3/3
   596 | D:3      | Gained mutation: You are slightly more attuned to the
                  | shadows. [demonic ancestry]
   596 | D:3      | Reached XP level 4. HP: 4/35 MP: 4/4
   832 | D:4      | Noticed a bullfrog
   858 | D:4      | Killed a bullfrog
   858 | D:4      | Gained mutation: You have a somewhat thin skeletal
                  | structure. (Dex +2, Stealth) [demonic ancestry]
   858 | D:4      | Reached XP level 5. HP: 9/42 MP: 5/5
  1395 | D:4      | Reached skill level 1 in Shields
  1395 | D:4      | Reached XP level 6. HP: 32/48 MP: 6/6
  1479 | D:5      | Entered Level 5 of the Dungeon
  1488 | D:5      | Found a staircase to the Ecumenical Temple.
  1496 | Temple   | Entered the Ecumenical Temple
  1525 | Temple   | Became a worshipper of Makhleb the Destroyer
  1620 | D:6      | Noticed an ice beast
  1840 | D:5      | Found a white marble altar of Elyvilon.
  2093 | D:6      | Noticed Blork the orc
  2108 | D:6      | Slain by an ice beast

Levels and vault maps discovered:
D:1:      evilmike_arrival_hilbert_curve, layout_basic,
          nemelex_diamond_rough_becter
D:2:      layout_loops_ring, lightli_temple_of_fire
D:3:      layout_loops_ring, tgw_fedhas
D:4:      layout_cave_pools, st_stairs_11
D:5:      minmay_razor_zed, layout_basic, lemuel_doored_altar,
          minmay_temple_entry_mist, first_ration, elyvilon_altar_3
D:6:      minmay_evil_eye, layout_basic, serial_shops, shop, uniq_blork_the_orc,
          uniq_maggie
Temple:   regret_index_temple_waves

Skill      XL: |  1  2  3  4  5  6 |
---------------+-------------------+-----
Fighting       | 2 3 4 |  4.3
Unarmed Combat | 1 2 3 4 |  4.1
Shields        | 1 2 |  2.2
Long Blades    | |  1.7
Crossbows      | |  3.6
Throwing       | |  1.0
Armour         | |  1.0
Evocations     | |  1.0

Action                   |  1- 3 |  4- 6 || total
-------------------------+-------+-------++-------
Melee: Dagger            |   145 |   109 ||   254
       Punch             |       |     1 ||     1
       Unarmed           |       |   146 ||   146
Throw: Dart              |     1 |    17 ||    18
  Use: Potion            |     1 |     9 ||    10
       Scroll            |       |     3 ||     3
  Eat: Chunk             |       |     3 ||     3
       Ration            |       |     2 ||     2
Armor: Ring mail         |    63 |    65 ||   128
Dodge: Dodged            |    75 |    79 ||   154
Block: Other             |       |     3 ||     3
       Kite shield       |       |    94 ||    94

Table legend:
 A = Non-vault XP
 B = Vault XP
 C = Vault XP percentage of total XP
 D = Non-vault monster count
 E = Vault monster count
 F = Vault count percentage of total count
                 A         B        C        D         E       F
            +---------+---------+-------+---------+---------+-------
      Total |     537 |      93 |  14.8 |      70 |       4 |   5.4
            +---------+---------+-------+---------+---------+-------
        D:1 |      46 |       0 |   0.0 |      25 |       0 |   0.0
        D:2 |      13 |       0 |   0.0 |       8 |       0 |   0.0
        D:3 |      65 |      91 |  58.3 |      17 |       3 |  15.0
        D:4 |     253 |       2 |   0.8 |       7 |       1 |  12.5
        D:5 |     111 |       0 |   0.0 |       9 |       0 |   0.0
        D:6 |      49 |       0 |   0.0 |       4 |       0 |   0.0
            +---------+---------+-------+---------+---------+-------
